 Dungeon Crawl Stone Soup version 0.24-a0-416-g56ce5178b7 (webtiles) character file.

Game seed: 3969058304760184175

112 epen the Skirmisher (level 4, -11/24 HPs)
             Began as a Vine Stalker Abyssal Knight on June 8, 2019.
             Was a Believer of Lugonu.
             Killed by divine providence
             ... invoked by an orc priest
              (16 damage)
             ... on level 3 of the Dungeon.
             The game lasted 00:03:24 (2466 turns).

epen the Skirmisher (Vine Stalker Abyssal Knight)   Turns: 2466, Time: 00:03:25

Health: -11/24     AC:  8    Str: 16    XL:     4   Next: 95%
Magic:  0/6        EV: 11    Int: 12    God:    Lugonu [**....]
Gold:   176        SH:  0    Dex: 13    Spells: 3/3 levels left

rFire    + . .     SeeInvis .   a - +2 falchion
rCold    . . .     Gourm    .   (no shield)
rNeg     . . .     Faith    .   g - +0 ring mail
rPois    .         Spirit   +   (no helmet)
rElec    .         Reflect  .   (no cloak)
rCorr    .         Harm     .   h - +1 pair of gloves
MR       .....                  n - +0 pair of boots
Stlth    +.........             (no amulet)
HPRegen  0.48/turn              (no ring)
MPRegen  0.10/turn              i - ring of protection from fire

@: no status effects
A: fangs 2, regeneration 1, magic shield, antimagic bite, no potion heal 3, rot
immunity
a: Depart the Abyss, Bend Space, Renounce Religion


You were on level 3 of the Dungeon.
You worshipped Lugonu.
Lugonu was pleased with you.
You were not hungry.

You visited 1 branch of the dungeon, and saw 3 of its levels.
You visited the Abyss 1 time.

You collected 176 gold pieces.

Inventory:

Hand Weapons
 a - a +2 falchion (weapon)
Missiles
 e - 2 atropa-tipped darts (quivered)
Armour
 b - a +0 leather armour
 g - a +0 ring mail (worn)
 h - a +1 pair of gloves (worn)
 n - a +0 pair of boots (worn)
Jewellery
 i - a ring of protection from fire (right hand)
 r - a +3 ring of evasion
Scrolls
 f - 2 scrolls of enchant weapon
 o - a scroll of identify
 p - 3 scrolls of noise {unknown}
Potions
 d - 3 potions of agility
 j - 3 potions of might {unknown}
 k - a potion of heal wounds {unknown}
 l - a potion of ambrosia {unknown}
 m - a potion of invisibility {unknown}
 q - a potion of mutation {unknown}
Comestibles
 c - 8 rations


   Skills:
 + Level 3.4 Fighting
 * Level 2.8 Long Blades
 + Level 2.1 Armour
 + Level 1.2 Dodging
 + Level 2.4 Invocations


You had 3 spell levels left.
You didn't know any spells.
Your spell library contained the following spells:

 Spells                   Type           Power        Failure   Level  Hunger
 Animate Skeleton         Necr           N/A          52%         1    ##.....
 Apportation              Tloc           #.....       52%         1    ##.....
 Confusing Touch          Hex            #.....       52%         1    ##.....
 Summon Small Mammal      Summ           #...         52%         1    ##.....


Dungeon Overview and Level Annotations

Branches:
Dungeon (3/15)

Altars:
Fedhas
Okawaru


Innate Abilities, Weirdness & Mutations

You have extremely sharp teeth.
Your natural rate of healing is unusually fast.
When hurt, damage is shared between your health and your magic reserves.
Your bite disrupts and absorbs the magic of your enemies.
Potions cannot restore your health.
You are immune to rotting.


Message History

The orc priest is lightly wounded.
The orc priest misses you.
You hit the orc priest.
The orc priest is moderately wounded.
The orc priest hits you with a cursed -3 mace.
You hit the orc priest. Your bite misses the orc priest.
The orc priest is severely wounded.
The orc priest hits you with a cursed -3 mace.
You hit the orc priest.
You bite the orc priest, but do no damage.
The orc priest is almost dead.
The orc priest invokes the aid of Beogh against you.
Beogh smites you!
* * * LOW HITPOINT WARNING * * *
Your ring mail prevents you from hitting the orc priest.
The orc priest is almost dead.
The orc priest invokes the aid of Beogh against you.
Beogh smites you!
Ouch! That really hurt!
You die...

#.#.###.######
#.....#.# #####...#.# #
#>........# #.
#.#####...# #.. #.#
#.#.## #... #.# ###..#
#....###.##### ##.#####
#...{o@......# #.#....
#....###.###.####.#....
+... ###.###.##........
#.. #.......##.#......
## #.#.##.######...#.
#.#.##.# #...#.
#########.#.##.#
##...##
#.........#.##.# #...##
#.#########.##.#
##...###


You could see an orc priest.

Vanquished Creatures
  2 adders
  3 oozes
  2 worms
  2 leopard geckos
  3 orcs (D:3)
  9 bats
  5 giant cockroaches
  11 goblins
  11 hobgoblins
  10 kobolds
  A ball python (D:2)
  4 frilled lizards
  6 rats
69 creatures vanquished.

Notes
Turn   | Place    | Note
-------+----------+-------------------------------------------
     0 | Abyss:1  | epen the Vine Stalker Abyssal Knight began the quest for
                  | the Orb.
     0 | Abyss:1  | Reached XP level 1. HP: 11/11 MP: 3/3
   110 | Abyss:1  | Noticed a wretched star
   111 | D:1      | Escaped the Abyss
   176 | D:1      | Reached XP level 2. HP: 10/16 MP: 2/4
   190 | D:1      | Reached skill level 3 in Fighting
   705 | D:1      | Reached * piety under Lugonu
   715 | D:1      | Reached XP level 3. HP: 18/20 MP: 5/5
  1551 | D:2      | Found an iron altar of Okawaru.
  1597 | D:2      | Gained mutation: Your natural rate of healing is unusually
                  | fast. [Vine Stalker growth]
  1597 | D:2      | Reached XP level 4. HP: 24/24 MP: 6/6
  1601 | D:2      | Reached skill level 1 in Dodging
  1729 | D:2      | Reached ** piety under Lugonu
  2092 | D:3      | Found a blossoming altar of Fedhas.
  2466 | D:3      | Killed from afar by an orc priest

Levels and vault maps discovered:
D:1:      dpeg_arrival_arbitrary_c, layout_loops_ring
D:2:      layout_loops_ring, okawaru_gym_becter
D:3:      layout_basic, fedhas_ov_isle_minmay, serial_curves, eino_curves_02,
          eino_curves_01

Skill      XL: |  1  2  3  4 |
---------------+-------------+-----
Long Blades    | 2 |  2.8
Fighting       | 3 |  3.4
Invocations    | 2 |  2.4
Armour         | 2 |  2.1
Dodging        | 1 |  1.2

Action                   |  1- 3 |  4- 6 || total
-------------------------+-------+-------++-------
Melee: Falchion          |   102 |    52 ||   154
       Bite              |    25 |    16 ||    41
Throw: Dart              |     2 |       ||     2
Invok: Depart the Abyss  |     1 |       ||     1
  Use: Scroll            |     2 |     1 ||     3
  Eat: Chunk             |     2 |     3 ||     5
Armor: Leather armour    |     8 |       ||     8
       Ring mail         |    40 |    19 ||    59
Dodge: Dodged            |    43 |    29 ||    72
       Rpst.: Falchion   |    11 |     9 ||    20

Table legend:
 A = Non-vault XP
 B = Vault XP
 C = Vault XP percentage of total XP
 D = Non-vault monster count
 E = Vault monster count
 F = Vault count percentage of total count
                 A         B        C        D         E       F
            +---------+---------+-------+---------+---------+-------
      Total |     161 |       0 |   0.0 |      69 |       0 |   0.0
            +---------+---------+-------+---------+---------+-------
        D:1 |      63 |       0 |   0.0 |      33 |       0 |   0.0
        D:2 |      49 |       0 |   0.0 |      21 |       0 |   0.0
        D:3 |      49 |       0 |   0.0 |      15 |       0 |   0.0
            +---------+---------+-------+---------+---------+-------
